 Dungeon Crawl Stone Soup version 0.22.1-6-g1668fe2 (webtiles) character file.

80 dvd the Chopper (level 4, -2/23 HPs)
             Began as a Vine Stalker Gladiator on Jan 27, 2019.
             Killed from afar by Sigmund (5 damage)
             ... with a magic dart
             ... on level 2 of the Dungeon.
             The game lasted 00:02:58 (1384 turns).

dvd the Chopper (Vine Stalker Gladiator)            Turns: 1384, Time: 00:02:59

Health: -2/23      AC:  4    Str: 18    XL:     4   Next: 39%
Magic:  0/5        EV: 12    Int:  8    God:
Gold:   124        SH:  3    Dex: 15    Spells: 3/3 levels left

rFire    . . .     SeeInvis .   a - +0 war axe
rCold    . . .     Gourm    .   k - +0 buckler
rNeg     . . .     Faith    .   b - +0 leather armour
rPois    .         Spirit   +   c - +0 helmet
rElec    .         Reflect  .   (no cloak)
rCorr    .         Harm     .   (no gloves)
MR       .....                  (no boots)
Stlth    +.........             (no amulet)
HPRegen  0.47/turn              (no ring)
MPRegen  0.09/turn              (no ring)

@: no status effects
A: fangs 2, regeneration 1, magic shield, antimagic bite, no potion heal 3, rot
immunity
a: no special abilities


You were on level 2 of the Dungeon.
You were not hungry.

You visited 1 branch of the dungeon, and saw 2 of its levels.

You collected 124 gold pieces.

Inventory:

Hand Weapons
 a - a +0 war axe (weapon)
Missiles
 d - 3 throwing nets (quivered)
Armour
 b - a +0 leather armour (worn)
 c - a +0 helmet (worn)
 k - a +0 buckler (worn)
Scrolls
 e - a scroll of enchant armour {unknown}
 g - a scroll of magic mapping {unknown}
 h - 5 scrolls of identify {unknown}
 l - a scroll of remove curse {unknown}
 o - 3 scrolls of teleportation {unknown}
Potions
 i - a potion of haste
 j - a potion of curing {unknown}
 m - 2 potions of lignification {unknown}
 n - a potion of might {unknown}
Comestibles
 f - 2 rations
 p - a chunk of flesh


   Skills:
 + Level 2.0 Fighting
 + Level 3.6 Axes
 + Level 1.8 Throwing
 + Level 0.7 Armour
 + Level 3.1 Dodging
 + Level 0.2 Stealth


You had 3 spell levels left.
You didn't know any spells.
Your spell library was empty.

Dungeon Overview and Level Annotations

Branches:
Dungeon (2/15)

Altars:
Hepliaklqana

Annotations:
D:2 Natasha, Sigmund


Innate Abilities, Weirdness & Mutations

You have extremely sharp teeth.
Your natural rate of healing is unusually fast.
When hurt, damage is shared between your health and your magic reserves.
Your bite disrupts and absorbs the magic of your enemies.
Potions cannot restore your health.
You are immune to rotting.


Message History

The bat hits you but does no damage.
You closely miss the bat. Your bite misses the bat. The bat misses you.
You barely miss the bat. The bat hits you. Something hits you!
The bat barely misses you. The bat hits you but does no damage.
The bat hits you but does no damage. The bat hits you but does no damage.
The bat hits you but does no damage. The bat hits you but does no damage.
You block the bat's attack. The bat hits you. Something hits you.
Something hits you!
* * * LOW HITPOINT WARNING * * *
You hit something. You bite something. Something hits you.
* * * LOW HITPOINT WARNING * * *
Unknown command.
Something barely misses you.
A magic dart appears from out of thin air!
The magic dart hits you!
You die...

#.# #.#'#### ##+####
#.## #....... #.....#
#w.# #.....). #.....#
##.####....... #.<)..#
#............ #)....#
##..##....... #..)..#
#.{##....... #.....#
#..##.).....
#....@######.##.##...#
#........b....#..##...
#(###########.##.###..
#######(.#######
#..#.####.
#..............#
#.#..# #
##............# #..#.#
#........≈≈..# ##.#.#
##.......≈..≈.## #.#.#
##≈...≈≈..≈..≈≈≈##
#...#


You could see a bat.

Vanquished Creatures
  Natasha (D:2)
  A worm (D:2)
  4 dart slugs
  2 leopard geckos (D:1)
  5 bats
  4 giant cockroaches (D:1)
  6 hobgoblins
  2 quokkas (D:2)
  2 frilled lizards (D:2)
  4 goblins
  5 kobolds
  A quokka skeleton (D:2)
  7 rats
44 creatures vanquished.

Notes
Turn   | Place    | Note
-------+----------+-------------------------------------------
     0 | D:1      | dvd the Vine Stalker Gladiator began the quest for the Orb.
     0 | D:1      | Reached XP level 1. HP: 11/11 MP: 2/2
    72 | D:1      | Reached XP level 2. HP: 12/15 MP: 1/3
   377 | D:1      | Reached XP level 3. HP: 16/18 MP: 4/4
  1260 | D:2      | Found a hazy altar of Hepliaklqana.
  1271 | D:2      | Noticed Natasha
  1285 | D:2      | Killed Natasha
  1285 | D:2      | Gained mutation: Your natural rate of healing is unusually
                  | fast. [Vine Stalker growth]
  1285 | D:2      | Reached XP level 4. HP: 1/23 MP: 5/5
  1361 | D:2      | Noticed Sigmund
  1363 | D:2      | Noticed Natasha
  1381 | D:2      | HP: 1/23 [something (4)]
  1384 | D:2      | Killed from afar by Sigmund

Skill      XL: |  1  2  3 |
---------------+----------+-----
Axes           | 3 |  3.6
Dodging        | 3 |  3.1
Fighting       | 2 |  2.0
Throwing       | |  1.8
Armour         | |  0.7
Stealth        | |  0.2

Action                   |  1- 3 |  4- 6 || total
-------------------------+-------+-------++-------
Melee: War axe           |   115 |     8 ||   123
       Bite              |    35 |     2 ||    37
 Stab: Sleeping          |     1 |       ||     1
  Eat: Chunk             |     1 |     1 ||     2
Armor: Leather armour    |    31 |     7 ||    38
Dodge: Dodged            |    74 |    11 ||    85
Block: Buckler           |    16 |     1 ||    17
